 Dungeon Crawl Stone Soup version 0.28-a0-514-g0d7ab7f379 (webtiles) character file.

Game seed: 9745803646956435022

35 chris0x the Skirmisher (level 3, -1/58 HPs)
             Began as an Ogre Fighter on Sept 7, 2021.
             Was an Initiate of Uskayaw.
             Succumbed to Jessica's poison
             ... on level 2 of the Dungeon on Sept 22, 2021.
             The game lasted 00:03:56 (1702 turns).

chris0x the Skirmisher (Ogre Fighter)               Turns: 1702, Time: 00:03:57

Health: -1/58      AC:  3    Str: 20    XL:     3   Next: 33%
Magic:  1/4        EV:  8    Int:  9    God:    Uskayaw [......]
Gold:   38         SH:  7    Dex:  9    Spells: 3/3 levels left

rFire   . . .      SeeInvis .   a - +1 war axe
rCold   . . .      Faith    .   c - +0 kite shield
rNeg    . . .      Spirit   .   b - +0 robe
rPois   .          Reflect  .   (helmet restricted)
rElec   .          Harm     .   (no cloak)
rCorr   .          Rampage  .   (gloves unavailable)
Will    .....                   (boots unavailable)
Stlth   ..........              (no amulet)
HPRegen 0.19/turn               (no ring)
MPRegen 0.09/turn               (no ring)

@: berserking, lethally poisoned (-1 -> -18), very quick
A: large, unfitting armour, tough skin 1
a: Renounce Religion


You were on level 2 of the Dungeon.
You worshipped Uskayaw.
Uskayaw was noncommittal.
You visited 1 branch of the dungeon, and saw 2 of its levels.

You collected 38 gold pieces.

Inventory:

Hand Weapons
 a - a +1 war axe (weapon)
Missiles
 f - 3 stones (quivered)
 g - 25 bolts
Armour
 b - a +0 robe (worn)
 c - a +0 kite shield (worn)
Scrolls
 j - 2 scrolls of immolation
Potions
 d - a potion of might
 e - a potion of haste
 h - a potion of brilliance
 i - a potion of invisibility


   Skills:
 + Level 4.3 Fighting
 + Level 2.1 Axes
 + Level 0.4 Throwing
 * Level 3.2 Dodging
 + Level 2.9 Shields
 + Level 0.8 Spellcasting


You had 3 spell levels left.
You didn't know any spells.
Your spell library was empty.

Dungeon Overview and Level Annotations

Branches:
Dungeon (2/15)

Altars:
Uskayaw


Innate Abilities, Weirdness & Mutations

You are too large for most types of armour.
You have tough skin. (AC +1)


Message History

Throw: 4 stones
Press: ? - help, Q - select action, (/) - cycle Shift-Dir - straight line, f/p - Jessica
Aim: Jessica, wielding a +1 dagger of venom and wearing a +0 robe (lightly wounded, fast, 56% to hit)
You throw a stone.
The stone hits Jessica but does no damage.
Jessica is lightly wounded.
You feel sick. Jessica casts a spell at you. Pain shoots through your body!
You closely miss Jessica.
Jessica is lightly wounded.
You feel sick. You block Jessica's attack.
Jessica hits you with a +1 dagger of venom.
* * * LOW HITPOINT WARNING * * *
You are more poisoned.
Jessica hits you with a +1 dagger of venom.
* * * LOW HITPOINT WARNING * * *
You are lethally poisoned!
You stomp with the beat, sending a shockwave through the revellers around you!
Jessica is heavily wounded.
You can no longer stomp with the beat.
* * * LOW HITPOINT WARNING * * *
You feel very sick. You block Jessica's attack.
You closely miss Jessica.
Jessica is heavily wounded.
* * * LOW HITPOINT WARNING * * *
You feel very sick. You block Jessica's attack. x2
It was a potion of berserk rage.
A red film seems to cover your vision as you go berserk!
You feel yourself moving faster!
You feel mighty!
* * * LOW HITPOINT WARNING * * *
You feel sick. Jessica barely misses you.
Jessica hits you with a +1 dagger of venom.
* * * LOW HITPOINT WARNING * * *
You are more poisoned.
You slice Jessica!!
You kill Jessica!
You die...

###### #....##########
#..>...........
#...(#######.##
##########....### #.#
(.((...@)(....(.# #.#
.#########...(#.#####.#
.....#...........#.#
.§§§..###.##.###.#.#
≈§≈§≈............#.#
§§≈§≈...#.##.....#.##
≈§§§≈...#............
.≈≈≈....####.....#.##
.§...#...........#.##


There were no monsters in sight!

Vanquished Creatures
  Jessica (D:2)
  A worm (D:2)
  A dart slug (D:1)
  A bat (D:1)
  4 endoplasms
  A giant cockroach (D:1)
  5 goblins
  4 hobgoblins
  A kobold (D:1)
  2 ball pythons (D:2)
  2 frilled lizards (D:2)
  5 rats
28 creatures vanquished.

Vanquished Creatures (others)
  A plant (D:1)
1 creature vanquished.

Grand Total: 29 creatures vanquished

Notes
Turn   | Place    | Note
-------+----------+-------------------------------------------
     0 | D:1      | chris0x the Ogre Fighter began the quest for the Orb.
     0 | D:1      | Reached XP level 1. HP: 24/24 MP: 1/1
     0 | D:1      | Upgraded the game from 0.28-a0-413-gde365fb1df to
                  | 0.28-a0-514-g0d7ab7f379
   162 | D:1      | Reached XP level 2. HP: 31/32 MP: 2/2
   643 | D:1      | Found a faded altar of an unknown god.
   647 | D:1      | Became a worshipper of Uskayaw the Reveller
   647 | D:1      | Reached * piety under Uskayaw
   685 | D:1      | Reached ** piety under Uskayaw
  1005 | D:2      | Reached XP level 3. HP: 24/39 MP: 3/3
  1685 | D:2      | Noticed Jessica
  1702 | D:2      | Killed Jessica
  1702 | D:2      | Succumbed to Jessica's poison

Illustrated notes

Levels and vault maps discovered:
D:1:      dpeg_arrival_oval, layout_basic,
          shapermc_ecumenical_altar_mp_vishouse, serial_bayou_ford_a,
          minmay_stone_trees_medium
D:2:      layout_basic, serial_glass, glass_columns_a, glass_columns_a,
          glass_columns_c, glass_columns_c, glass_columns_b, glass_columns_a,
          serial_shops, nicolae_lakefront_shop, uniq_jessica

Skill      XL: |  1  2 |
---------------+-------+-----
Dodging        | 3 |  3.2
Fighting       | |  4.3
Axes           | |  2.1
Throwing       | |  0.4
Shields        | |  2.9
Spellcasting   | |  0.8

Action                   || total
-------------------------++-------
Melee: War axe           ||    60
Throw: Stone             ||    33
Invok: Stomp             ||     1
  Use: Scroll            ||     7
       Potion            ||     1
 Stab: Sleeping          ||     1
Armor: Robe              ||    17
Dodge: Dodged            ||     9
Block: Kite shield       ||    21

Table legend: (Time is in decaauts)
 A = Elapsed time spent in this place.
 B = Non-inter-level travel time spent in this place.
 C = Inter-level travel time spent in this place.
 D = Time resting spent in this place.
 E = Time spent auto-exploring this place.
 F = Levels seen in this place.
 G = Mean time per level.
                   A        B        C        D        E       F      G
               +--------+--------+--------+--------+--------+-----+--------+
         Total |   1755 |   1715 |     40 |      0 |   1349 |   2 |  877.5 |
       Dungeon |   1755 |   1715 |     40 |      0 |   1349 |   2 |  877.5 |
               +--------+--------+--------+--------+--------+-----+--------+

Top non-repeatable levels by time:
     D:1: 925 daAuts
     D:2: 829 daAuts
